Map: Inside and Out

Players

Azure

  • Race: Terran Terran
  • Spawn Location: 7:00

Rob - Winner!

  • Race: Protoss Protoss
  • Spawn Location: 1:00

Event: DreamHack SC2 Masters 2022 Atlanta (Offline)

VOD

Have the link to the VOD?

Description

Time

  • Played on: Nov. 18, 2022, 2:28 p.m.
  • Length: 15:08

All games in this series

Show
View Real Time Build Order
Export as new Build Order

Azure Terran 

Build Orders:  

Get SALT Encoding   

  12  0:00  SCV  
  13  0:12  SCV  
  14  0:17  Supply Depot  
  14  0:24  SCV  
  15  0:38  SCV  
  15  0:40  Barracks  
  16  0:43  Refinery  
  16  0:50  SCV  
  16  0:56  Refinery  
  17  1:03  SCV  
  18  1:15  SCV  
  19  1:31  Reaper, Orbital Command  
  20  1:36  Supply Depot  
  20  1:44  Factory  
  20  1:57  SCV  
  21  2:03  Reaper  
  21  2:09  SCV  
  22  2:20  Command Center  
  22  2:22  SCV  
  23  2:29  Hellion  
  25  2:34  SCV  
  26  2:39  Starport  
  26  2:43  Barracks Reactor  
  26  2:46  SCV  
  27  2:53  Widow Mine  
  27  2:58  SCV  
  29  3:08  Supply Depot  
  29  3:10  SCV  
  30  3:20  Marine  
  31  3:29  SCV, Medivac, Widow Mine, Marine  
  37  3:38  Marine  
  37  3:47  SCV, Marine  
  37  3:50  Orbital Command  
  37  3:54  Factory Tech Lab  
  37  3:55  Marine  
  37  3:57  Barracks  
  38  4:04  Marine  
  39  4:10  Orbital Command  
  39  4:13  Starport Tech Lab, Siege Tank, Marine  
  39  4:16  SCV  
  44  4:22  Supply Depot, Marine  
  45  4:29  SCV  
  46  4:31  Marine  
  46  4:33  Raven  
  46  4:35  Bunker  
  46  4:36  SCV  
  50  4:40  Marine  
  50  4:41  SCV  
  52  4:48  SCV  
  52  4:49  Siege Tank, Marine  
  57  4:53  SCV  
  57  4:56  Barracks  
  57  4:57  Supply Depot  
  58  5:00  SCV  
  58  5:04  Marine  
  58  5:05  SCV  
  61  5:07  Marine  
  61  5:12  SCV  
  57  5:16  Engineering Bay  
  57  5:17  SCV, Refinery  
  58  5:24  SCV  
  58  5:26  Marine  
  60  5:31  Stimpack  
  60  5:35  SCV  
  64  5:36  SCV  
  64  5:37  Refinery  
  64  5:39  Supply Depot  
  65  5:44  Marine x2  
  65  5:45  Marine  
  65  5:47  SCV, Starport Reactor  
  65  5:48  SCV  
  67  5:50  Terran Infantry Weapons Level 1  
  67  5:54  Factory Reactor  
  67  5:55  Supply Depot  
  67  5:57  Supply Depot  
  67  5:59  SCV, Marine  
  67  6:00  SCV  
  67  6:01  Marine  
  71  6:11  SCV, Marine x2, Bunker  
  71  6:12  SCV  
  71  6:23  SCV, Marauder x2, Combat Shield  
  71  6:24  SCV  
  77  6:32  Marine x2  
  79  6:33  Medivac x2  
  79  6:35  SCV, Widow Mine  
  79  6:37  SCV  
  79  6:39  Widow Mine  
  88  6:44  Marauder x2  
  92  6:47  SCV  
  92  6:48  Supply Depot  
  92  6:49  SCV  
  94  6:54  Supply Depot  
  94  7:05  Supply Depot  
  94  7:10  Widow Mine x2  
  94  7:13  Marine x2  
  94  7:14  Marauder  
  102  7:16  Marauder  
  102  7:18  Medivac x2  
  106  7:31  SCV, Marine x2  
  106  7:34  Marine  
  103  7:37  Marine  
  101  7:44  Terran Infantry Armor Level 1  
  101  7:48  SCV, Marine  
  101  7:49  Marine  
  104  7:53  SCV  
  105  8:01  Medivac, Widow Mine x2, Marauder x2  
  105  8:04  Medivac  
  117  8:06  Command Center, SCV  
  118  8:19  Supply Depot  
  118  8:20  Supply Depot  
  118  8:22  Supply Depot  
  118  8:30  Marine  
  118  8:40  SCV, Medivac x2, Marine x2  
  126  8:45  Widow Mine x2  
  130  8:50  Barracks x2  
  130  8:52  Supply Depot  
  130  8:53  Supply Depot, SCV  
  131  8:58  Marauder x2  
  131  9:02  Marine  
  135  9:04  Marine  
  135  9:06  Widow Mine x2  
  138  9:10  SCV  
  133  9:28  Marine x2  
  133  9:29  Marauder x2  
  127  9:32  Medivac x2, Widow Mine x2  
  135  9:51  Marauder x2, Marine x2  
  141  9:53  Widow Mine x2  
  141  9:56  SCV  
  141  9:57  SCV  
  148  10:00  Orbital Command  
  147  10:08  Marine  
  147  10:09  SCV  
  147  10:13  Barracks Reactor, Barracks Tech Lab  
  149  10:14  Ghost Academy  
  149  10:17  Medivac  
  149  10:18  Medivac  
  149  10:19  Widow Mine  
  149  10:20  SCV  
  156  10:28  SCV  
  157  10:29  Armory  
  157  10:30  Engineering Bay, Marine  
  157  10:31  Marine  
  157  10:32  Marauder  
  163  10:35  Marauder  
  161  10:48  Marauder, Marine  
  156  10:52  Medivac x2  
  156  10:53  Widow Mine x2  
  156  10:54  Marauder, Marine  
  165  10:57  Marauder, Marine  
  165  11:02  SCV  
  165  11:03  SCV x2  
  171  11:09  Marauder  
  173  11:11  Enhanced Shockwaves  
  173  11:19  Refinery  
  173  11:23  Terran Infantry Weapons Level 2  
  173  11:24  Terran Infantry Armor Level 2, Terran Ship Weapons Level 1  
  173  11:48  Supply Depot  
  173  11:49  Supply Depot  
  173  11:51  Supply Depot  
  173  12:02  Command Center  
  173  12:09  Marine x5, Ghost  
  173  12:11  Marauder  
  173  12:15  SCV x2  
  184  12:26  Barracks  
  184  12:27  Viking x2, Marauder, Marine x4, Barracks  
  184  12:29  Barracks  
  194  12:32  Marauder  
  195  12:38  Marauder  
  185  12:45  Marine x2  
  185  12:49  Marauder, Marine  
  178  12:52  Marine  
  178  12:54  SCV, Marauder  
  178  12:55  SCV  
  178  12:57  Viking x2  
  185  12:59  Marauder  
  185  13:02  Marine x2  
  177  13:07  Marine  
  177  13:10  Marauder, Marine  
  153  13:15  Marauder  
  132  13:20  Marine x2  
  132  13:21  Marauder  
  132  13:22  Planetary Fortress  
  132  13:23  SCV  
  132  13:24  Marine  
  124  13:28  Marine  
  124  13:31  Marauder  
  124  13:33  Barracks Reactor, Barracks Tech Lab x2  
  127  13:35  Viking x2  
  127  13:36  Marine  
  127  13:37  SCV x2  
  127  13:38  Marine  
  135  13:42  Missile Turret  
  133  13:49  Marauder, Marine x2  
  133  13:50  Marine  
  133  13:53  Marauder x2, Marine  
  133  13:54  Marine  
  130  13:56  Marine  
  131  14:03  Starport  
  131  14:08  Marine x3  
  131  14:09  SCV x2  
  136  14:10  Marauder  
  136  14:11  Marauder  
  129  14:24  Marine  
  129  14:25  Marauder  
  129  14:26  Marine  
  129  14:27  Marauder  
  129  14:30  Marauder, Marine x2  
  119  14:33  Marine x3  
  119  14:34  Marauder  
  106  14:42  Marine  
  106  14:44  Marine  
  100  14:46  Marauder  
  100  14:47  Marine  
  100  14:48  Marine  
Show
View Real Time Build Order
Export as new Build Order

Rob Protoss - Winner!

Build Orders: 1 Gate Expand, Blink Stalkers 

Get SALT Encoding   

  12  0:00  Probe  
  13  0:12  Probe  
  14  0:16  Pylon  
  14  0:24  Probe (Chrono Boost)  
  15  0:36  Gateway, Probe (Chrono Boost)  
  16  0:44  Probe (Chrono Boost)  
  16  0:47  Assimilator  
  17  0:51  Probe  
  18  1:03  Probe  
  19  1:15  Probe  
  20  1:23  Cybernetics Core  
  20  1:33  Nexus  
  20  1:39  Pylon  
  20  1:41  Probe (Chrono Boost)  
  21  1:48  Assimilator  
  21  1:51  Probe (Chrono Boost)  
  22  1:56  Probe (Chrono Boost)  
  22  2:00  Adept (Chrono Boost)  
  25  2:08  Probe  
  25  2:09  Warp Gate  
  25  2:20  Probe  
  25  2:22  Adept (Chrono Boost)  
  28  2:31  Twilight Council  
  28  2:32  Probe  
  29  2:44  Probe (Chrono Boost)  
  29  2:50  Probe (Chrono Boost), Stalker  
  33  2:54  Probe (Chrono Boost)  
  33  2:58  Probe (Chrono Boost)  
  35  3:01  Probe  
  35  3:05  Blink (Chrono Boost)  
  36  3:08  Probe  
  36  3:09  Gateway  
  37  3:13  Probe  
  38  3:20  Probe  
  38  3:25  Probe  
  40  3:33  Probe  
  41  3:37  Probe  
  41  3:45  Probe  
  41  3:49  Probe  
  41  3:53  Robotics Facility  
  41  3:55  Shield Battery  
  42  3:57  Probe, Gateway  
  42  3:58  Gateway  
  42  3:59  Stalker  
  42  4:01  Probe  
  46  4:15  Pylon  
  44  4:17  Pylon  
  44  4:25  Stalker  
  44  4:28  Stalker  
  46  4:44  Nexus  
  46  4:50  Stalker  
  46  4:51  Stalker  
  50  4:52  Stalker  
  50  4:53  Stalker  
  50  4:54  Warp Prism  
  56  5:03  Probe x2  
  56  5:04  Pylon  
  58  5:10  Pylon  
  58  5:15  Stalker x2  
  62  5:22  Probe x2 (Chrono Boost)  
  62  5:24  Stalker x2  
  66  5:35  Probe x2 (Chrono Boost)  
  68  5:40  Forge  
  68  5:42  Assimilator  
  70  5:43  Charge, Probe x2 (Chrono Boost)  
  70  5:48  Robotics Bay  
  70  5:52  Assimilator  
  70  5:53  Probe x2  
  72  6:01  Zealot x2  
  76  6:05  Probe  
  76  6:10  Probe x2 (Chrono Boost)  
  77  6:12  Zealot x2  
  80  6:21  Protoss Ground Weapons Level 1 (Chrono Boost)  
  80  6:22  Probe x3 (Chrono Boost)  
  82  6:28  Gateway  
  82  6:29  Probe (Chrono Boost)  
  82  6:31  Probe x2 (Chrono Boost)  
  84  6:36  Colossus (Chrono Boost), Probe  
  92  6:41  Probe  
  93  6:47  Extended Thermal Lance (Chrono Boost)  
  93  6:48  Pylon  
  93  6:55  Gateway x2  
  93  6:58  Shield Battery  
  93  6:59  Pylon  
  93  7:06  Probe, Pylon  
  94  7:11  Pylon  
  94  7:18  Pylon  
  94  7:19  Zealot x3  
  94  7:21  Zealot, Colossus (Chrono Boost)  
  106  7:35  Zealot  
  106  7:39  Zealot x3  
  104  7:57  Pylon  
  104  7:58  Nexus  
  104  7:59  Probe x3  
  107  8:06  Zealot x5  
  107  8:07  Sentry x2  
  107  8:08  Disruptor (Chrono Boost)  
  124  8:13  Probe x3  
  124  8:15  Protoss Ground Armor Level 1 (Chrono Boost)  
  127  8:27  Gateway  
  127  8:28  Gateway  
  127  8:32  Gateway  
  125  8:34  Zealot x6  
  137  8:41  Disruptor (Chrono Boost)  
  140  8:49  Pylon  
  140  8:51  Pylon  
  140  8:54  Pylon  
  138  8:56  Pylon  
  138  8:59  Shield Battery  
  138  9:00  Shield Battery  
  136  9:10  Stalker x3  
  136  9:11  Stalker x3  
  136  9:15  Probe x4  
  142  9:31  Zealot x4  
  127  9:35  Pylon  
  129  9:40  Stalker x6  
  141  9:55  Zealot x4  
  149  10:04  Shield Battery, Probe x2  
  149  10:05  Probe x2  
  149  10:06  Colossus (Chrono Boost), Assimilator  
  151  10:08  Forge  
  151  10:11  Assimilator  
  157  10:15  Protoss Ground Weapons Level 2 (Chrono Boost)  
  157  10:19  Photon Cannon  
  157  10:20  Probe x3  
  157  10:21  Photon Cannon  
  160  10:25  Robotics Facility  
  160  10:26  Templar Archives  
  158  10:42  Zealot x10  
  148  10:56  Zealot x9  
  164  10:59  Colossus (Chrono Boost)  
  170  11:06  Robotics Facility, Assimilator  
  170  11:07  Pylon  
  170  11:11  Assimilator  
  170  11:16  Colossus (Chrono Boost)  
  176  11:20  Photon Cannon x2  
  176  11:21  Pylon x2  
  176  11:23  Protoss Ground Armor Level 2 (Chrono Boost), Stalker x3  
  180  11:26  Pylon  
  180  11:28  Pylon, Psionic Storm  
  176  11:44  Zealot x4  
  176  11:45  Zealot x3  
  176  11:46  Zealot x3  
  192  11:47  Disruptor (Chrono Boost)  
  192  11:53  Probe  
  192  11:54  Probe x3  
  197  12:02  Disruptor (Chrono Boost), Gateway  
  197  12:04  Gateway  
  197  12:05  Gateway  
  198  12:16  Observer (Chrono Boost)  
  197  12:24  Photon Cannon  
  197  12:26  Photon Cannon  
  197  12:29  Photon Cannon  
  197  12:31  Shield Battery  
  197  12:33  Shield Battery  
  197  12:36  Pylon  
  193  12:39  Pylon  
  177  12:44  Pylon  
  177  12:48  Stalker x2  
  177  12:49  Stalker x8  
  162  13:15  Zealot x13  
  174  13:21  Disruptor x2 (Chrono Boost)  
  175  13:42  High Templar x12  
  199  13:50  Nexus  
  199  14:04  Pylon  
  191  14:22  Zealot x5  
  175  14:36  Zealot x2  
  175  14:37  Zealot x6  
  175  14:38  Archon x4  
  173  14:39  Archon  
  163  15:01  Zealot x10  
  163  15:02  Zealot x3  
Tags
 
Add a new tag
Caveats
  • Supply blocks, unpowered buildings, or Contaminate may cause inaccurate times.
  • Supply counts are checked every 10 seconds.